 Dungeon Crawl Stone Soup version 0.32-a0-607-g64ea0e4219 (webtiles) character file.

Game seed: 5414971501221656943

106 CrazyBamboolord the Conjurer (level 4, -3/34 HPs)
             Began as a Demonspawn Wanderer on Mar 4, 2024.
             Slain by a gnoll
             ... wielding a +0 flail
              (11 damage)
             ... on level 2 of the Dungeon.
             The game lasted 00:03:22 (1558 turns).

CrazyBamboolord the Conjurer (Demonspawn Wanderer)  Turns: 1558, Time: 00:03:23

Health: -3/34      AC:  6    Str: 13    XL:     4   Next: 55%
Magic:  6/6        EV:  9    Int: 11    God:
Gold:   50         SH:  0    Dex: 15    Spells: 5/6 levels left

rFire   . . .        a - +0 dagger
rCold   . . .        (no shield)
rNeg    . . .        c - +0 scale mail
rPois   .            (helmet restricted)
rElec   .            (no cloak)
rCorr   .            (no gloves)
SInv    .            (no boots)
Will    .....        (no amulet) Stlth
                     (no ring)
HPRegen 0.25/turn    (no ring)
MPRegen 0.10/turn

%: no passive effects
@: no status effects
A: antennae 1, demonic guardian 2
a: no special abilities


You were on level 2 of the Dungeon.
You visited 1 branch of the dungeon, and saw 2 of its levels.

You collected 50 gold pieces.

Inventory:

Hand Weapons
 a - a +0 dagger (weapon)
Armour
 c - a +0 scale mail (worn)
 d - a +0 helmet
Scrolls
 b - a scroll of teleportation
 g - a scroll of enchant armour {unknown}
 i - a scroll of immolation {unknown}


   Skills:
 * Level 2.9 Fighting
 + Level 2.2 Armour
 * Level 2.2 Dodging
 + Level 1.5 Spellcasting
 + Level 3.3 Conjurations
 + Level 1.6 Translocations


You had 5 spell levels left.
You knew the following spells:

 Your Spells              Type           Power      Damage    Failure   Level
a - Foxfire               Conj/Fire      16%        2x1d4     58%         1

Your spell library contained the following spells:

 Spells                   Type           Power      Damage    Failure   Level
 Momentum Strike          Conj/Tloc      12%        3d8       61%         2
 Blink                    Tloc           8%         N/A       75%         2
 Scorch                   Fire           0%         2d5       91%         2
 Flame Wave               Conj/Fire      4%         2d5       100%        4
 Fulminant Prism          Conj/Alch      2%         3d5       100%        4
 Summon Cactus Giant      Summ           0%         N/A       100%        6


Dungeon Overview and Level Annotations

Branches:
Dungeon (2/15)

Altars:


Innate Abilities, Weirdness & Mutations

You have a pair of small antennae on your head.
A demonic guardian rushes to your aid.


Message History

You feel a little less clever now.
You start resting.
HP restored.
Things that are here:
a +0 flail; the felid corpse of Natasha You see here an adder corpse.
There is a stone staircase leading down, spattered with blood here.
Things that are here:
a +0 club; a goblin skeleton You climb downwards.
The gnoll misses you. The gnoll hits you with a +0 flail.
There is a stone staircase leading up, spattered with blood here.
You hit the gnoll.
The gnoll is lightly wounded.
The gnoll hits you with a +0 flail!
You hit the gnoll.
The gnoll is lightly wounded.
The gnoll hits you with a +0 flail.
You barely miss the gnoll.
The gnoll is lightly wounded.
The gnoll closely misses you.
You barely miss the gnoll.
The gnoll is lightly wounded.
The gnoll hits you with a +0 flail.
You closely miss the gnoll.
The gnoll is lightly wounded.
The gnoll hits you with a +0 flail.
You barely miss the gnoll.
The gnoll is lightly wounded.
The gnoll closely misses you.
You completely miss the gnoll.
The gnoll is lightly wounded.
The gnoll hits you with a +0 flail.
* * * LOW HITPOINT WARNING * * *
You hit the gnoll.
The gnoll is heavily wounded.
The gnoll closely misses you.
You barely miss the gnoll.
The gnoll is heavily wounded.
The gnoll hits you with a +0 flail!
You die...

#...... ......#
######## .....
......## .....
#.....>.
#.#.#####g#g....
#.#.#.†g.ggg....
###.#.#)###g#g....
#........##.#.#.##
#@g.#.#..##.#g. ..
#####(#..##.#.gg g
......#.#...g
##.#.###.#....g
..#.# #.#....g
###.# #.# ...


You could see a gnoll.

Vanquished Creatures
  A gnoll (D:1)
  An adder (D:1)
  A dart slug (D:1)
  2 giant cockroaches (D:1)
  6 goblins
  4 hobgoblins
  3 kobolds (D:1)
  2 quokkas (D:1)
  A ball python (D:1)
21 creatures vanquished.

Vanquished Creatures (collateral kills)
  Natasha (D:1)
  Robin (D:1)
  2 gnolls (D:1)
  3 goblins (D:1)
  A hobgoblin (D:2)
8 creatures vanquished.

Vanquished Creatures (others)
  A foxfire (D:2)
1 creature vanquished.

Grand Total: 30 creatures vanquished

Notes
Turn   | Place    | Note
-------+----------+-------------------------------------------
     0 | D:1      | CrazyBamboolord the Demonspawn Wanderer began the quest for
                  | the Orb.
     0 | D:1      | CrazyBamboolord set off with the following items: a +0
                  | dagger, a scroll of teleportation, a +0 scale mail; and the
                  | following spell memorised: Foxfire; and the following
                  | spells available to memorise: Momentum Strike, Blink, Flame
                  | Wave, Fulminant Prism.
     0 | D:1      | Reached XP level 1. HP: 16/16 MP: 2/2
   347 | D:1      | Gained mutation: A weak demonic guardian rushes to your
                  | aid. [demonic ancestry]
   347 | D:1      | Reached XP level 2. HP: 21/22 MP: 3/3
   878 | D:2      | Noticed Robin
   977 | D:1      | Gained mutation: A demonic guardian rushes to your aid.
                  | [demonic ancestry]
   977 | D:1      | Reached XP level 3. HP: 9/28 MP: 4/4
  1147 | D:1      | HP: 1/28 [Robin/+0 falchion (6)]
  1151 | D:1      | Killed Robin
  1285 | D:2      | Noticed Natasha
  1414 | D:1      | Gained mutation: You have a pair of small antennae on your
                  | head. [demonic ancestry]
  1414 | D:1      | Reached XP level 4. HP: 3/34 MP: 6/6
  1418 | D:1      | Killed Natasha
  1558 | D:2      | Slain by a gnoll

Illustrated notes

Levels and vault maps discovered:
D:1:      dpeg_arrival_shelter, layout_loops_corners
D:2:      layout_basic, grunt_ministairs_13, uniq_robin, uniq_jessica,
          uniq_natasha

Skill      XL: |  1  2  3 |
---------------+----------+-----
Armour         | 2 |  2.2
Dodging        | 2 |  2.2
Fighting       | |  2.9
Spellcasting   | |  1.5
Conjurations   | |  3.3
Translocations | |  1.6

Action                     |  1- 3 |  4- 6 || total
---------------------------+-------+-------++-------
  Melee: Dagger            |   152 |     9 ||   161
   Cast: Foxfire           |     1 |       ||     1
    Use: Potion            |     4 |       ||     4
 Armour: Scale mail        |   131 |     7 ||   138
  Dodge: Dodged            |    67 |     5 ||    72

Table legend: (Time is in decaauts)
 A = Elapsed time spent in this place.
 B = Non-inter-level travel time spent in this place.
 C = Inter-level travel time spent in this place.
 D = Time resting spent in this place.
 E = Time spent auto-exploring this place.
 F = Levels seen in this place.
 G = Mean time per level.
                   A        B        C        D        E       F      G
               +--------+--------+--------+--------+--------+-----+--------+
         Total |   1553 |   1521 |     32 |    462 |    726 |   2 |  776.5 |
       Dungeon |   1553 |   1521 |     32 |    462 |    726 |   2 |  776.5 |
               +--------+--------+--------+--------+--------+-----+--------+

Top non-repeatable levels by time:
     D:1: 1475 daAuts
     D:2: 77 daAuts
